 Dungeon Crawl Stone Soup version 0.29.0-10-g45618ea6d2 (webtiles) character file.

Game seed: 15206852339429431868

3720 raistware the Destroyer (level 10, -1/63 HPs)
             Began as an Octopode Conjurer on Sept 1, 2022.
             Was a Believer of Vehumet.
             Succumbed to a cane toad's poison
             ... on level 1 of the Lair of Beasts.
             The game lasted 00:31:45 (10755 turns).

raistware the Destroyer (Octopode Conjurer)        Turns: 10755, Time: 00:31:46

Health: -1/63      AC:  1    Str:  6    XL:     10   Next: 14%
Magic:  10/22      EV: 18    Int: 24    God:    Vehumet [**....]
Gold:   551        SH:  0    Dex: 12    Spells: 18/26 levels left

rFire   . . .      SeeInvis .   i - +4 dagger
rCold   . . .      Faith    .   (no shield)
rNeg    . . .      Spirit   .   (helmet restricted)
rPois   .          Reflect  .   (no amulet)
rElec   .          Harm     .   d - +4 ring of evasion
rCorr   .          Rampage  .   m - ring of willpower
Will    +....                   (no ring)
Stlth   +++.......              (no ring)
HPRegen 0.20/turn               (no ring)
MPRegen 0.18/turn               (no ring)
                                (no ring)
                                (no ring)

@: lethally poisoned (-1 -> -9)
A: almost no armour, amphibious, 8 rings, camouflage 1, gelatinous body 1,
(nimble swimmer 1), tentacles
a: Renounce Religion


You were on level 1 of the Lair of Beasts.
You worshipped Vehumet.
Vehumet was pleased with you.
You visited 3 branches of the dungeon, and saw 10 of its levels.
You also visited: Sewer.

You collected 551 gold pieces.

Inventory:

Hand Weapons
 f - a +1 dagger of freezing
 i - a +4 dagger (weapon)
 v - a +0 short sword of venom
Missiles
 c - 57 poisoned darts
 s - 2 boomerangs
 x - a throwing net
 D - a curare-tipped dart
Magical Staves
 p - a staff of air
 y - a staff of fire
Jewellery
 d - a +4 ring of evasion (left tentacle)
 k - a ring of fire
 m - a ring of willpower (right tentacle)
Wands
 w - a wand of roots (14)
Scrolls
 g - a scroll of teleportation {unknown}
 h - 3 scrolls of amnesia
 j - a scroll of blinking {unknown}
 l - a scroll of enchant weapon
 q - a scroll of vulnerability
 r - 2 scrolls of magic mapping
 u - a scroll of enchant armour
 E - a scroll of acquirement {unknown}
Potions
 a - 3 potions of magic
 b - 3 potions of curing
 e - 2 potions of attraction
 n - 4 potions of haste
 o - a potion of cancellation {unknown}
 t - 4 potions of mutation
 z - 2 potions of resistance {unknown}
 A - a potion of might {unknown}
 B - 2 potions of heal wounds
 C - a potion of brilliance


   Skills:
 + Level 3.8 Fighting
 + Level 5.2 Dodging
 - Level 4.0 Stealth
 + Level 8.5 Spellcasting
 + Level 8.7 Conjurations
 - Level 4.0 Translocations
 + Level 0.0 Poison Magic


You had 18 spell levels left.
You knew the following spells:

 Your Spells              Type           Power      Damage    Failure   Level
a - Magic Dart            Conj           100%       1d8       1%          1
b - Iskenderun's Mystic   Conj/Tloc      40%        2d9       4%          4
c - Mephitic Cloud        Conj/Pois/Air  24%        N/A       5%          3

Your spell library contained the following spells:

 Spells                   Type           Power      Damage    Failure   Level
 Searing Ray              Conj           100%       2d8       1%          2
 Static Discharge         Conj/Air       31%        3-7/arc   1%          2
 Dazzling Flash           Conj/Hex       62%        N/A       3%          3
 Sublimation of Blood     Necr           10%        N/A       10%         2
 Wereblood                Tmut           10%        N/A       10%         2
 Fulminant Prism          Conj/Hex       15%        3d11      10%         4
 Lightning Bolt           Conj/Air       15%        1d29      28%         5
 Malign Gateway           Summ/Tloc      9%         N/A       100%        7
 Summon Hydra             Summ           5%         N/A       100%        7
 Maxwell's Capacitive Co  Air            5%         ∞         100%        8
 Summon Horrible Things   Summ           5%         N/A       100%        8


Dungeon Overview and Level Annotations

Branches:
Dungeon (8/15)             Temple (1/1) D:4            Lair (1/5) D:8
  Sewer (visited)

Altars:
Ashenzari
Cheibriados
Dithmenos
Elyvilon
Makhleb
Nemelex Xobeh
Ru
Sif Muna
Trog
Uskayaw
Vehumet
Wu Jian
Xom
Yredelemnul
Zin
The Shining One

Annotations:
D:6 2 transporters, 3 runed translucent doors, Arcadio's ghost, novice DrAr
D:7 exclusion: cyclops


Innate Abilities, Weirdness & Mutations

You cannot wear most types of armour.
You are amphibious.
You can wear up to eight rings at the same time.
Your skin changes colour to match your surroundings (Stealth+).
Your rubbery body absorbs attacks. (AC +1, EV +1)
((You are camouflaged when in or above water. (Stealth+)))
You have tentacles for arms and can constrict up to eight enemies at once.


Message History

The cane toad poisons you!
You hit the cane toad.
The cane toad is moderately wounded.
You constrict the cane toad, but do no damage.
You feel very sick. The cane toad stings you!! x2
* * * LOW HITPOINT WARNING * * *
Casting: Magic Dart (safe; 1% risk of failure)
Confirm with . or Enter, or press ? or * to list all spells.
You erupt in a blast of force!
The mystic blast hits the cane toad!
The cane toad is heavily wounded.
The cane toad is knocked back by the mystic blast.
The cane toad slams into the rock wall!
The cane toad is severely wounded.
You constrict the cane toad, but do no damage.
* * * LOW HITPOINT WARNING * * *
You feel very sick.
Unknown command.
Casting: Iskenderun's Mystic Blast (dangerous; 4% risk of failure)
Confirm with . or Enter, or press ? or * to list all spells.
You erupt in a blast of force!
The mystic blast hits the cane toad.
The cane toad is severely wounded.
The cane toad is knocked back by the mystic blast.
The cane toad slams into the rock wall!
The cane toad is almost dead.
You constrict the cane toad, but do no damage.
* * * LOW HITPOINT WARNING * * *
You feel very sick. The cane toad stings you.
* * * LOW HITPOINT WARNING * * *
Unknown command.
Casting: Iskenderun's Mystic Blast (dangerous; 4% risk of failure)
Confirm with . or Enter, or press ? or * to list all spells.
You erupt in a blast of force!
The mystic blast hits the cane toad.
The cane toad is almost dead.
The cane toad is knocked back by the mystic blast.
The cane toad slams into the rock wall!
The cane toad is almost dead.
You constrict the cane toad, but do no damage.
You die...

#######
##~~~~~##
#~~~~~~~##
#F~<..P~~#
#~@../..~~#
##......~~#
###.#..~##
.#..~# #.
~~# .~ ##
.~# ~#


You could see a cane toad.

Vanquished Creatures
  A two-headed ogre (D:8)
  A death yak (D:7)
  A wyvern (D:7)
  2 water moccasins
  A sky beast (D:7)
  An ice beast (D:7)
  An orc warrior (D:6)
  A centaur (D:8)
  A phantom (D:7)
  8 kobold brigands
  5 bullfrogs
  A gnoll sergeant (D:8)
  3 scorpions
  A hound (D:6)
  2 orc priests
  A jelly (D:4)
  4 iguanas
  3 orc wizards
  8 gnolls (D:8)
  2 river rats (Sewer)
  10 adders
  2 shadow imps
  A white imp (D:7)
  An ufetubus (D:5)
  4 worms
  24 orcs
  7 ball pythons
  4 bats
  12 endoplasms
  9 giant cockroaches
  8 goblins
  5 hobgoblins
  3 jackals (D:2)
  2 quokkas (D:6)
  2 frilled lizards (D:2)
  21 kobolds
  12 rats
175 creatures vanquished.

Notes
Turn   | Place    | Note
-------+----------+-------------------------------------------
     0 | D:1      | raistware the Octopode Conjurer began the quest for the
                  | Orb.
     0 | D:1      | Reached XP level 1. HP: 11/11 MP: 3/3
   328 | D:1      | Reached XP level 2. HP: 17/17 MP: 2/5
   382 | D:1      | Found a faded altar of an unknown god.
  1044 | D:2      | Found the +3 pair of gauntlets of War {Slay+5}
  1300 | D:2      | Reached XP level 3. HP: 21/21 MP: 3/7
  2068 | D:3      | Reached XP level 4. HP: 27/27 MP: 7/9
  2105 | D:3      | Learned a level 4 spell: Iskenderun's Mystic Blast
  2854 | D:3      | Reached skill level 1 in Translocations
  3141 | D:4      | Reached XP level 5. HP: 31/31 MP: 4/11
  3408 | D:4      | Found a staircase to the Ecumenical Temple.
  3421 | Temple   | Entered the Ecumenical Temple
  3441 | Temple   | Became a worshipper of Vehumet
  3461 | D:4      | Found the +7 Kryia's mail coat {PotionHeal*2 rC+}
  3723 | D:4      | Reached XP level 6. HP: 32/36 MP: 6/13
  3724 | D:4      | Reached skill level 5 in Conjurations
  4405 | D:5      | Entered Level 5 of the Dungeon
  4444 | D:5      | Reached skill level 5 in Spellcasting
  4983 | D:5      | Found a shadowy altar of Dithmenos.
  4986 | D:5      | Noticed a water moccasin
  4997 | D:5      | Killed a water moccasin
  4998 | D:5      | Reached skill level 1 in Fighting
  4998 | D:5      | Reached XP level 7. HP: 43/43 MP: 5/14
  5400 | D:6      | Found a transporter.
  5786 | D:6      | Reached * piety under Vehumet
  5786 | D:6      | Offered knowledge of Shock by Vehumet.
  5787 | D:6      | Found a glowing drain.
  5800 | Sewer    | Entered a sewer
  6076 | Sewer    | Reached XP level 8. HP: 48/48 MP: 12/17
  7132 | D:6      | Offered knowledge of Freeze by Vehumet.
  7430 | D:6      | Found a transporter.
  7671 | D:6      | Reached ** piety under Vehumet
  7892 | D:6      | Found a runed translucent gate.
  7892 | D:6      | Found a runed translucent gate.
  7893 | D:6      | Found a runed translucent gate.
  7898 | D:6      | Noticed Arcadio's ghost (novice DrAr)
  8153 | D:7      | Noticed a cyclops
  8641 | D:7      | Reached XP level 9. HP: 53/53 MP: 14/19
  8692 | D:7      | Noticed a cyclops
  9602 | D:7      | Found a bloodstained altar of Trog.
  9617 | D:8      | Noticed a death yak
  9617 | D:8      | Noticed a death yak
  9617 | D:8      | Found a staircase to the Lair.
  9649 | D:7      | Killed a death yak
 10347 | D:8      | Noticed a two-headed ogre
 10371 | D:8      | Killed a two-headed ogre
 10372 | D:8      | Reached skill level 5 in Dodging
 10372 | D:8      | Reached XP level 10. HP: 34/63 MP: 15/22
 10704 | D:7      | Offered knowledge of Mephitic Cloud by Vehumet.
 10709 | D:7      | Learned a level 3 spell: Mephitic Cloud
 10749 | Lair:1   | Entered Level 1 of the Lair of Beasts
 10749 | Lair:1   | Noticed a cane toad
 10754 | Lair:1   | HP: 1/63 [cane toad (3)]
 10755 | Lair:1   | Succumbed to a cane toad's poison

Illustrated notes

Levels and vault maps discovered:
D:1:      grunt_arrival_lava_bath, layout_basic, nicolae_ecumenical_lake_church
D:2:      layout_basic, minmay_randomly_rotated_circles
D:3:      layout_loops_ring
D:4:      layout_cave_pods, minmay_temple_entry_slanted
D:5:      layout_basic, nicolae_dithmenos_through_a_glass_darkly
D:6:      gammafunk_steamed_eel, layout_basic, gammafunk_ghost_necromancy,
          gup_sewer_entry_pipe
D:7:      layout_loops_cross, nicolae_overflow_hidden_temple
D:8:      layout_cave_pools, dpeg_lair_monsters, enter_bailey_5, uniq_erica
Temple:   dpeg_three_leaves_temple
Lair:1:   layout_gridlike, cheibrodos_lair_caveside_slide, wad_woods_road_02,
          nicolae_quartered_pool_super, lemuel_fruit_fields, uniq_sonja,
          uniq_nergalle

Skill      XL: |  1  2  3  4  5  6  7  8  9 |
---------------+----------------------------+-----
Spellcasting   | 3 4 5 6 7 8 |  8.5
Translocations | 1 2 3 4 |  4.0
Conjurations   | 5 7 8 |  8.7
Stealth        | 3 4 |  4.0
Fighting       | 1 3 |  3.8
Dodging        | 3 4 5 |  5.2

Action                   |  1- 3 |  4- 6 |  7- 9 | 10-12 || total
-------------------------+-------+-------+-------+-------++-------
Melee: Unarmed           |     4 |       |       |       ||     4
       Dagger            |     3 |     7 |    25 |    14 ||    49
       Constrict         |     2 |     2 |    17 |     3 ||    24
       Tentacles         |     1 |     5 |    15 |     5 ||    26
       Short sword       |       |     4 |    38 |       ||    42
       Punch             |       |       |     2 |       ||     2
Throw: Dart              |       |     8 |     7 |       ||    15
       Boomerang         |       |     1 |       |       ||     1
       Throwing net      |       |       |     1 |       ||     1
 Cast: Magic Dart        |    64 |    77 |   220 |    23 ||   384
       Iskenderun's Myst |       |     5 |    27 |     4 ||    36
Evoke: Wand              |       |     1 |    16 |     1 ||    18
  Use: Potion            |       |     1 |       |       ||     1
       Scroll            |       |       |    13 |     1 ||    14
 Stab: Sleeping          |       |     1 |     3 |     1 ||     5
Armor: Skin              |       |     3 |     1 |       ||     4
Dodge: Dodged            |     6 |    17 |    63 |    16 ||   102
